 Dungeon Crawl Stone Soup version 0.25-a0-292-gaa31f046c4 (webtiles) character file.

Game seed: 7487874072214147243, levelgen mode: classic

10350 Borgoz the Slicer (level 11, -4/72 HPs)
             Began as a Kobold Fighter on Dec 15, 2019.
             Was a Believer of Ashenzari.
             Slain by a six-headed hydra (8 damage)
             ... on level 10 of the Dungeon.
             The game lasted 00:21:17 (10354 turns).

Borgoz the Slicer (Kobold Fighter)                 Turns: 10354, Time: 00:21:18

Health: -4/72      AC: 11    Str: 17    XL:     11   Next: 91%
Magic:  11/11      EV: 15    Int: 10    God:    Ashenzari [**....]
Gold:   453        SH: 10    Dex: 14    Spells: 10/10 levels left

rFire    . . .     SeeInvis .   H - +2 short sword (elec)
rCold    . . .     Gourm    .   c - +0 shield
rNeg     . . .     Faith    .   q - +0 scale mail
rPois    .         Spirit   .   o - +2 helmet
rElec    .         Reflect  .   (no cloak)
rCorr    +         Harm     .   (no gloves)
MR       .....                  (no boots)
Stlth    ++........             w - amulet of regeneration
HPRegen  0.62/turn              D - ring of resist corrosion
MPRegen  0.12/turn              t - ring of stealth

@: no status effects
A: small, carnivore
a: Curse Item, Scrying, Renounce Religion


You were on level 10 of the Dungeon.
You worshipped Ashenzari.
Ashenzari was pleased with you.
You were completely stuffed.

You visited 1 branch of the dungeon, and saw 11 of its levels.
You also visited: Sewer.

You collected 669 gold pieces.
You spent 216 gold pieces at shops.

Inventory:

Hand Weapons
 a - a +0 rapier
 H - a +2 short sword of electrocution (weapon)
Armour
 c - a +0 shield (worn)
 o - a +2 helmet (worn)
 q - a +0 scale mail (worn)
Jewellery
 t - a ring of stealth (right hand)
 w - an amulet of regeneration (around neck)
 D - a ring of resist corrosion (left hand)
 F - an uncursed ring of see invisible
Wands
 y - a wand of random effects (25)
 z - a wand of enslavement (7)
 A - a wand of disintegration (5)
 B - a wand of polymorph (3)
 C - a wand of flame (19)
 G - a wand of iceblast (4)
Scrolls
 e - 2 scrolls of teleportation
 k - 4 scrolls of remove curse
 p - 3 scrolls of magic mapping {unknown}
 r - 2 scrolls of blinking
 s - a scroll of torment {unknown}
 u - a scroll of fog {unknown}
 J - a scroll of identify
Potions
 b - 2 potions of degeneration {unknown}
 d - 3 potions of might
 g - 5 potions of flight
 j - 4 potions of cancellation
 m - a potion of haste
 v - a potion of curing
 x - a potion of magic {unknown}
 E - 2 potions of agility
 I - a potion of brilliance
Comestibles
 f - 24 rations
 i - 2 chunks of flesh


   Skills:
 + Level 9.7 Fighting
 + Level 11.1 Short Blades
 + Level 7.4 Armour
 + Level 9.8 Dodging
 - Level 3.0 Stealth
 - Level 6.1 Shields


You had 10 spell levels left.
You didn't know any spells.
Your spell library contained the following spells:

 Spells                   Type           Power        Failure   Level  Hunger
 Corona                   Hex            #......      99%         1    ##.....
 Magic Dart               Conj           #...         99%         1    ##.....
 Searing Ray              Conj           #.....       100%        2    ###....
 Slow                     Hex            #.......     100%        2    ###....
 Dazzling Flash           Conj/Hex       #.....       100%        3    ####...
 Inner Flame              Hex/Fire       #.......     100%        3    ####...
 Portal Projectile        Hex/Tloc       #.....       100%        3    ####...
 Cause Fear               Hex            #.........   100%        4    #####..
 Fulminant Prism          Conj/Hex       #.........   100%        4    #####..
 Iskenderun's Mystic Bla  Conj/Tloc      #.......     100%        4    #####..
 Leda's Liquefaction      Hex/Erth       #.........   100%        4    #####..


Dungeon Overview and Level Annotations

Branches:
Dungeon (11/15)              Lair (0/6) D:9             Orc (0/2) D:11
  Sewer (visited)
 Temple: D:4-7

Altars:
Ashenzari
Elyvilon
Makhleb
Nemelex Xobeh
Jiyva

Shops:
D:9 }*((   D:11 (

Annotations:
D:4 2 runed translucent doors, emiel's ghost, amateur NaGl
D:5 Dowan; Duvessa
D:7 3 runed translucent doors, emiel's ghost, novice CeMo


Innate Abilities, Weirdness & Mutations

You are small and have problems with some larger weapons.
You are carnivorous and can eat meat at any time.


Message History

* * * LOW HITPOINT WARNING * * *
The six-headed hydra barely misses you.
Evoke which item? (* to show all) (? for menu, Esc to quit)
Aiming: Iceblast
Press: ? - help, Shift-Dir - straight line The mass of ice explodes!
The iceblast engulfs the six-headed hydra!
The six-headed hydra is almost dead.
The six-headed hydra misses you. The six-headed hydra bites you!
* * * LOW HITPOINT WARNING * * *
You block the six-headed hydra's attack.
The six-headed hydra barely misses you. The six-headed hydra bites you!
* * * LOW HITPOINT WARNING * * *
You block the six-headed hydra's attack.
Okay, then.
As you read the scroll of fear, it crumbles to dust.
You assume a fearsome visage.
The six-headed hydra resists with almost no effort.
The six-headed hydra bites you!
You die...

#.....#####...# #.##.....#
#.##### #...# ###.##.##..# ...#
#...# #.......#<.#### #.## #<..#
#.#.........).. ..# #...#
#.##.......####
#.#########...#####.##.#..#.##...
#..#.................#....#.##<..
#..............D..........#......
#..#......>.#...@..........###...
#..########.#.#####.##.#.#.# #...
....# #....#....##.##.#.#.# ####
....# #.#######.##.##...#.#
....####....#....##.##.#.#.#
............#.#.###.##.#.#.##
.##..#####..#.#.# #.........# ##
.##.............# ###.......# ##.
......#####.#########.......###.#


You could see a six-headed hydra.

Vanquished Creatures
  2 two-headed ogres
  A manticore (D:11)
  A queen bee (D:9)
  A troll (D:10)
  A slime creature (D:11)
  Prince Ribbit (D:9)
  Grinder (D:6)
  2 hornets
  2 hippogriffs
  Sigmund (D:6)
  5 yaks (D:8)
  Eustachio (D:6)
  A steam dragon (D:11)
  A hungry ghost (D:9)
  Menkaure (D:7)
  2 water moccasins
  9 orc warriors
  3 ice beasts
  A phantom (D:5)
  3 ogres
  9 centaurs
  2 big kobolds
  3 bullfrogs
  Blork the orc (D:6)
  3 scorpions
  28 killer bees
  6 howler monkeys
  3 crimson imps
  5 jellies
  2 orc priests
  2 centaur skeletons
  5 hounds
  A bullfrog skeleton (D:6)
  4 orc wizards
  2 iguanas
  7 worker ants
  A hound zombie (D:6)
  2 hound skeletons
  Robin (D:2)
  6 gnolls
  A river rat (Sewer)
  7 adders
  A shadow imp (D:5)
  An ooze (D:1)
  8 leopard geckos
  27 orcs
  3 ball pythons
  7 bats
  9 giant cockroaches
  15 goblins
  11 hobgoblins
  7 jackals
  15 kobolds
  3 quokkas
  A ball python zombie (D:4)
  6 frilled lizards
  A leopard gecko skeleton (D:4)
  17 rats
273 creatures vanquished.

Vanquished Creatures (others)
  A bullfrog (D:6)
1 creature vanquished.

Grand Total: 274 creatures vanquished

Notes
Turn   | Place    | Note
-------+----------+-------------------------------------------
     0 | D:1      | Borgoz the Kobold Fighter began the quest for the Orb.
     0 | D:1      | Reached XP level 1. HP: 14/14 MP: 1/1
   210 | D:1      | Reached XP level 2. HP: 16/19 MP: 2/2
   226 | D:1      | Reached skill level 3 in Short Blades
   249 | D:1      | Reached skill level 1 in Dodging
   249 | D:1      | Reached skill level 1 in Stealth
   249 | D:1      | Reached XP level 3. HP: 17/23 MP: 3/3
   968 | D:1      | You fall into a shaft and drop 1 floor!
  1248 | D:2      | Noticed Robin
  1304 | D:2      | Reached XP level 4. HP: 27/28 MP: 4/4
  1509 | D:2      | Killed Robin
  1664 | D:1      | Reached XP level 5. HP: 25/33 MP: 5/5
  2816 | D:3      | Reached skill level 4 in Short Blades
  3067 | D:3      | Reached XP level 6. HP: 35/38 MP: 6/6
  3502 | D:4      | Found a glowing drain.
  3534 | Sewer    | Entered a sewer
  3618 | Sewer    | Reached XP level 7. HP: 29/44 MP: 7/7
  3681 | Sewer    | Found a glowing silver altar of Zin.
  3794 | D:4      | Noticed a water moccasin
  3814 | D:4      | Killed a water moccasin
  3814 | D:4      | Reached skill level 5 in Short Blades
  4003 | D:4      | Found a runed translucent door.
  4008 | D:4      | Noticed emiel's ghost (amateur NaGl)
  4075 | D:4      | Found a runed translucent door.
  4089 | D:4      | Reached skill level 5 in Fighting
  4287 | D:5      | Entered Level 5 of the Dungeon
  4287 | D:5      | Noticed Duvessa
  4287 | D:5      | Noticed Dowan
  4304 | D:4      | Reached XP level 8. HP: 43/49 MP: 8/8
  4723 | D:5      | Found a sparkling altar of Nemelex Xobeh.
  4723 | D:5      | Found a shattered altar of Ashenzari.
  4728 | D:5      | Became a worshipper of Ashenzari the Shackled
  4760 | D:6      | Reached skill level 6 in Short Blades
  4846 | D:6      | Found a burning altar of Makhleb.
  4847 | D:6      | Found a white marble altar of Elyvilon.
  4970 | D:6      | Noticed Sigmund
  4973 | D:6      | Noticed Eustachio
  4988 | D:6      | Killed Sigmund
  4988 | D:6      | Reached skill level 5 in Dodging
  4988 | D:6      | Reached XP level 9. HP: 37/55 MP: 9/9
  4990 | D:6      | Killed Eustachio
  5221 | D:6      | Noticed Grinder
  5271 | D:6      | Paralysed by Grinder for 7 turns
  5272 | D:6      | Killed Grinder
  5272 | D:6      | Reached skill level 7 in Short Blades
  5513 | D:6      | Noticed Blork the orc
  5526 | D:6      | Killed Blork the orc
  5813 | D:7      | Noticed a hippogriff
  5828 | D:7      | Killed a hippogriff
  5828 | D:7      | Reached skill level 5 in Armour
  5828 | D:7      | Reached skill level 5 in Shields
  6009 | D:7      | Noticed Menkaure
  6026 | D:7      | Killed Menkaure
  6427 | D:7      | Reached skill level 8 in Short Blades
  6436 | D:7      | Found a runed translucent gate.
  6436 | D:7      | Found a runed translucent gate.
  6436 | D:7      | Found a runed translucent gate.
  6447 | D:7      | Reached XP level 10. HP: 63/63 MP: 10/10
  6453 | D:7      | Noticed emiel's ghost (novice CeMo)
  6597 | D:7      | Reached * piety under Ashenzari
  7400 | D:8      | Reached skill level 9 in Short Blades
  7714 | D:8      | Noticed a two-headed ogre
  7732 | D:8      | Killed a two-headed ogre
  8165 | D:9      | Found Zeidiu Xefa's Gadget Boutique.
  8169 | D:9      | Found Ygingos's Antique Weapon Boutique.
  8169 | D:9      | Found Ymuhyt's Weapon Boutique.
  8170 | D:9      | Found Pisae's General Store.
  8199 | D:9      | Noticed Prince Ribbit
  8222 | D:9      | Killed Prince Ribbit
  8222 | D:9      | Reached XP level 11. HP: 55/69 MP: 11/11
  8590 | D:9      | Reached skill level 10 in Short Blades
  8645 | D:9      | Found a staircase to the Lair.
  8949 | D:9      | Bought a glowing short sword for 216 gold pieces
  8969 | D:10     | Entered Level 10 of the Dungeon
  9358 | D:10     | Reached ** piety under Ashenzari
  9674 | D:11     | Noticed a manticore
  9688 | D:11     | Killed a manticore
  9825 | D:11     | Noticed a two-headed ogre
  9846 | D:11     | Killed a two-headed ogre
 10011 | D:11     | Reached skill level 11 in Short Blades
 10149 | D:11     | Found a viscous altar of Jiyva.
 10171 | D:11     | Found Ziar's Weapon Emporium.
 10174 | D:11     | Found a staircase to the Orcish Mines.
 10346 | D:11     | Noticed a six-headed hydra
 10353 | D:10     | HP: 3/72 [six-headed hydra (8)]
 10354 | D:10     | Slain by a six-headed hydra

Levels and vault maps discovered:
D:1:      evilmike_arrival_plus, layout_basic, minmay_hexomino_c4
D:2:      layout_basic, uniq_robin
D:3:      layout_rooms, minmay_unequal
D:4:      layout_cave_pools, ebering_ghost_sewer_f, portal_sewer_entry_f,
          minmay_diced_spiral
D:5:      layout_loops_ring, gammafunk_temple_overflow_wave,
          minmay_temple_entry_ruins, first_ration, uniq_duvessa
D:6:      layout_gridville, chequers_temple_overflow_statue_of_worship,
          eino_small_chamber_without_monster, kennysheep_big_empty_room,
          uniq_grinder, uniq_blork_the_orc, uniq_eustachio, uniq_sigmund
D:7:      layout_loops_corners, ebering_ghost_rock_garden, uniq_menkaure
D:8:      layout_loops_corners
D:9:      layout_rooms, dpeg_oklobed_lair, david_nohive_1,
          minmay_shop_grid_forest, kennysheep_pointless_box,
          minmay_stone_trees_small, uniq_prince_ribbit1
D:10:     layout_loops_cross
D:11:     layout_long_grid, orc_david_3, nicolae_trove_entry_diagonal,
          gammafunk_ghost_cemetery, jiyva_altar_1

Skill      XL: |  1  2  3  4  5  6  7  8  9 10 11 |
---------------+----------------------------------+-----
Short Blades   | 3 4 5 6 8 9 11 | 11.1
Dodging        | 1 2 3 5 6 8 9 |  9.8
Stealth        | 1 2 3 |  3.0
Shields        | 3 4 5 6 |  6.1
Armour         | 3 4 5 6 7 |  7.4
Fighting       | 4 5 7 8 9 |  9.7

Action                   |  1- 3 |  4- 6 |  7- 9 | 10-12 || total
-------------------------+-------+-------+-------+-------++-------
Melee: Short sword       |   173 |   122 |       |   197 ||   492
       Rapier            |    14 |       |     9 |       ||    23
       Dagger            |       |   260 |   480 |   419 ||  1159
Evoke: Wand              |       |       |       |     8 ||     8
  Use: Potion            |     1 |     1 |     1 |     6 ||     9
       Scroll            |     1 |     8 |     5 |     3 ||    17
 Stab: Sleeping          |       |     4 |     4 |     4 ||    12
       Invisible         |       |       |     3 |       ||     3
       Distracted        |       |       |       |     1 ||     1
  Eat: Chunk             |    10 |     8 |     9 |    18 ||    45
Armor: Scale mail        |    74 |   160 |    93 |   120 ||   447
Dodge: Dodged            |    62 |   158 |   141 |   327 ||   688
Block: Shield            |    99 |   207 |   170 |   273 ||   749

Table legend:
 A = Non-vault XP
 B = Vault XP
 C = Vault XP percentage of total XP
 D = Non-vault monster count
 E = Vault monster count
 F = Vault count percentage of total count
                 A         B        C        D         E       F
            +---------+---------+-------+---------+---------+-------
      Total |   11135 |    3651 |  24.7 |     200 |      74 |  27.0
            +---------+---------+-------+---------+---------+-------
        D:1 |      63 |      20 |  24.1 |      29 |      11 |  27.5
        D:2 |      42 |      31 |  42.5 |      11 |       9 |  45.0
        D:3 |     140 |       4 |   2.8 |      24 |       2 |   7.7
        D:4 |     483 |      88 |  15.4 |      19 |       8 |  29.6
        D:5 |     415 |       0 |   0.0 |       9 |       0 |   0.0
        D:6 |     750 |     779 |  50.9 |      18 |       4 |  18.2
        D:7 |    1241 |     169 |  12.0 |      25 |       1 |   3.8
        D:8 |    3006 |       0 |   0.0 |      25 |       0 |   0.0
        D:9 |     704 |    1626 |  69.8 |       8 |      19 |  70.4
       D:10 |    1152 |     137 |  10.6 |      13 |       1 |   7.1
       D:11 |    3139 |     668 |  17.5 |      19 |       6 |  24.0
      Sewer |       0 |     129 | 100.0 |       0 |      13 | 100.0
            +---------+---------+-------+---------+---------+-------
